 Dungeon Crawl Stone Soup version 0.31-a0-988-g08d55dae12 (webtiles) character file.

Game seed: 4238463683054438

53 Pixllover the Chopper (level 3, -4/33 HPs)
             Began as a Hill Orc Monk on Nov 4, 2023.
             Slain by a gnoll
             ... wielding a +0 spear
              (5 damage)
             ... on level 2 of the Dungeon.
             The game lasted 00:01:55 (1210 turns).

Pixllover the Chopper (Hill Orc Monk)               Turns: 1210, Time: 00:01:57

Health: -4/33      AC:  6    Str: 15    XL:     3   Next: 89%
Magic:  3/3        EV: 10    Int: 10    God:
Gold:   53         SH:  0    Dex: 13    Spells: 2/2 levels left

rFire   . . .        a - +0 hand axe
rCold   . . .        d - orb {light}
rNeg    . . .        f - +0 scale mail
rPois   .            (no helmet)
rElec   .            (no cloak)
rCorr   .            (no gloves)
SInv    .            (no boots)
Will    .....        (no amulet) Stlth
                     (no ring)
HPRegen 0.25/turn    (no ring)
MPRegen 0.08/turn

%: no passive effects
@: glowing
A: no striking features
a: no special abilities


You were on level 2 of the Dungeon.
You visited 1 branch of the dungeon, and saw 2 of its levels.

You collected 53 gold pieces.

Inventory:

Hand Weapons
 a - a +0 hand axe (weapon)
Armour
 d - an orb of light (worn)
 f - a +0 scale mail (worn)
Scrolls
 g - a scroll of butterflies {unknown}
 h - a scroll of identify {unknown}
Potions
 b - a potion of magic {unknown}
 c - a potion of ambrosia
 e - a potion of haste {unknown}


   Skills:
 + Level 4.1 Fighting
 + Level 5.2 Axes
 + Level 0.8 Armour
 + Level 2.8 Dodging


You had 2 spell levels left.
You didn't know any spells.
Your spell library was empty.

Dungeon Overview and Level Annotations

Branches:
Dungeon (2/15)

Altars:


Message History

The gnoll is moderately wounded.
You hit the giant cockroach but do no damage.
You hit the gnoll. The giant cockroach bites you.
The gnoll hits you but does no damage. The giant cockroach closely misses you.
The gnoll barely misses you.
You hit the gnoll but do no damage.
The gnoll is moderately wounded.
You hit the giant cockroach but do no damage.
You barely miss the gnoll. The giant cockroach barely misses you.
The gnoll hits you with a +0 whip. The gnoll hits you but does no damage.
The gnoll hits you with a +0 whip.
The giant cockroach bites you but does no damage.
The gnoll attacks as it pursues you! The gnoll hits you with a +0 whip.
The giant cockroach bites you but does no damage.
You hit the gnoll.
The gnoll is severely wounded.
You hit the gnoll. You hit the giant cockroach.
The gnoll hits you with a +0 whip.
The giant cockroach bites you but does no damage.
The gnoll barely misses you. The gnoll attacks as it pursues you!
The gnoll hits you with a +0 whip. The gnoll attacks as it pursues you!
The gnoll barely misses you.
You hit the giant cockroach.
You kill the giant cockroach!
You hit the gnoll.
You kill the gnoll!
You hit the gnoll. The gnoll barely misses you.
The gnoll hits you from afar with a +0 spear.
The gnoll attacks as it pursues you! The gnoll hits you with a +0 whip!
* * * LOW HITPOINT WARNING * * *
The gnoll attacks as it pursues you! The gnoll hits you with a +0 whip.
* * * LOW HITPOINT WARNING * * *
The gnoll attacks as it pursues you! The gnoll closely misses you.
You barely miss the gnoll.
The gnoll is almost dead.
You hit the gnoll. The gnoll hits you but does no damage.
The gnoll hits you with a +0 whip.
* * * LOW HITPOINT WARNING * * *
The gnoll hits you from afar with a +0 spear.
You die...

#####
#######...#############
......................######
......[..)g................>
.........gg@...[.........##.
#######...########.......##.
#...# #.......#.. #......
#.##.##.... #......!
#.##....### #.......#
#.##..### #......?# #.##..#
#.......# # #.##..#


You could see 3 gnolls.

Vanquished Creatures
  An adder (D:2)
  A gnoll (D:2)
  A dart slug (D:1)
  3 endoplasms
  3 giant cockroaches
  4 goblins (D:1)
  3 hobgoblins
  2 quokkas (D:1)
  2 ball pythons
  4 bats (D:1)
  5 frilled lizards (D:1)
  3 kobolds
  2 rats (D:1)
34 creatures vanquished.

Notes
Turn   | Place    | Note
-------+----------+-------------------------------------------
     0 | D:1      | Pixllover the Hill Orc Monk began the quest for the Orb.
     0 | D:1      | Reached XP level 1. HP: 19/19 MP: 1/1
   228 | D:1      | Reached XP level 2. HP: 23/27 MP: 2/2
   639 | D:1      | Reached XP level 3. HP: 33/33 MP: 3/3
   952 | D:2      | Reached skill level 5 in Axes
  1210 | D:2      | HP: 1/33 [gnoll/+0 whip (6)]
  1210 | D:2      | Slain by a gnoll

Illustrated notes

Levels and vault maps discovered:
D:1:      scummos_arrival_star, layout_loops_corners, minmay_tripent
D:2:      layout_basic, serial_shops, shop, uniq_crazy_yiuf_cottage, uniq_robin

Skill      XL: |  1  2  3 |
---------------+----------+-----
Fighting       | 4 |  4.1
Axes           | 5 |  5.2
Armour         | |  0.8
Dodging        | |  2.8

Action                     || total
---------------------------++-------
  Melee: Hand axe          ||    95
 Armour: Robe              ||    15
         Scale mail        ||    72
  Dodge: Dodged            ||    58

Table legend: (Time is in decaauts)
 A = Elapsed time spent in this place.
 B = Non-inter-level travel time spent in this place.
 C = Inter-level travel time spent in this place.
 D = Time resting spent in this place.
 E = Time spent auto-exploring this place.
 F = Levels seen in this place.
 G = Mean time per level.
                   A        B        C        D        E       F      G
               +--------+--------+--------+--------+--------+-----+--------+
         Total |   1216 |   1163 |     53 |     64 |    801 |   2 |  608.0 |
       Dungeon |   1216 |   1163 |     53 |     64 |    801 |   2 |  608.0 |
               +--------+--------+--------+--------+--------+-----+--------+

Top non-repeatable levels by time:
     D:1: 916 daAuts
     D:2: 300 daAuts
